 Dungeon Crawl Stone Soup version 0.23-a0-767-gdc19b93d68 (webtiles) character file.

60 Hercules1031 the Skirmisher (level 3, 0/29 HPs)
             Began as a Demonspawn Monk on Jan 26, 2019.
             Succumbed to an adder's poison
             ... on level 2 of the Dungeon.
             The game lasted 00:02:22 (1198 turns).

Hercules1031 the Skirmisher (Demonspawn Monk)       Turns: 1198, Time: 00:02:23

Health: 0/29       AC:  7    Str: 12    XL:     3   Next: 80%
Magic:  3/3        EV: 12    Int: 11    God:
Gold:   114        SH:  0    Dex: 15    Spells: 2/2 levels left

rFire    . . .     SeeInvis .   a - +1 hand axe
rCold    . . .     Gourm    .   (no shield)
rNeg     . . .     Faith    .   j - +0 ring mail
rPois    .         Spirit   .   (no helmet)
rElec    .         Reflect  .   (no cloak)
rCorr    .         Harm     .   (no gloves)
MR       .....                  (no boots)
Stlth    +.........             (no amulet)
HPRegen  0.09/turn              (no ring)
MPRegen  0.08/turn              (no ring)

@: lethally poisoned (0 -> -7), flying
A: molten scales 1
a: no special abilities


You were on level 2 of the Dungeon.
You were not hungry.

You visited 1 branch of the dungeon, and saw 2 of its levels.

You collected 114 gold pieces.

Inventory:

Hand Weapons
 a - a +1 hand axe (weapon)
Armour
 b - a +0 robe
 f - a +0 leather armour
 j - a +0 ring mail (worn)
Scrolls
 d - a scroll of magic mapping {unknown}
 g - a scroll of remove curse {unknown}
 h - a scroll of teleportation {unknown}
Comestibles
 c - a ration


   Skills:
 + Level 3.4 Fighting
 + Level 3.0 Axes
 * Level 1.8 Armour
 + Level 3.1 Dodging
 - Level 1.7 Stealth


You had 2 spell levels left.
You didn't know any spells.
Your spell library was empty.

Dungeon Overview and Level Annotations

Branches:
Dungeon (2/15)

Altars:
Cheibriados
Makhleb


Innate Abilities, Weirdness & Mutations

You are partially covered in molten scales. (AC +2)


Message History

The dart slug launches a dart at you. The slug dart hits you!
* * * LOW HITPOINT WARNING * * *
You hit the worm.
The worm is moderately wounded.
You hit the adder.
You kill the adder!
You hit the worm.
The worm is heavily wounded.
* * * LOW HITPOINT WARNING * * *
You feel sick. The worm misses you.
You hit the worm but do no damage.
The worm is heavily wounded.
You hit the dart slug.
* * * LOW HITPOINT WARNING * * *
You feel sick. The worm barely misses you.
You hit the dart slug.
The dart slug is heavily wounded.
You barely miss the worm.
You die...

########### ######
### .#..........
..... ..
............ #...#
#.# .#.......###
#...# .. ##.####.# #
#...# #.##
#.####.###
.###...###### #.w#
#........#
............####@#
#...(...)#
#.............)†w##
#........#
#...........#.....#
#.####.###
...........##.....#
#....#...#
#############.....##
#.....##.# #......#
#..#..##.# ####.#.##
#..#...#.#
#†#..####.###.....
#....).....###.##.


You could see a worm and a dart slug.

Vanquished Creatures
  A gnoll (D:1)
  3 adders (D:2)
  A dart slug (D:2)
  A ball python (D:1)
  4 goblins
  3 kobolds (D:1)
  3 bats (D:1)
  3 frilled lizards (D:1)
  5 rats
24 creatures vanquished.

Notes
Turn   | Place    | Note
-------+----------+-------------------------------------------
     0 | D:1      | Hercules1031 the Demonspawn Monk began the quest for the
                  | Orb.
     0 | D:1      | Reached XP level 1. HP: 18/18 MP: 1/1
   297 | D:1      | Reached skill level 1 in Armour
   297 | D:1      | Gained mutation: You are partially covered in molten
                  | scales. (AC +2) [demonic ancestry]
   297 | D:1      | Reached XP level 2. HP: 6/24 MP: 2/2
   921 | D:2      | Found a burning altar of Makhleb.
   922 | D:2      | Found a snail-covered altar of Cheibriados.
   965 | D:2      | Reached XP level 3. HP: 26/29 MP: 3/3
  1197 | D:2      | HP: 1/29 [poisoned by an adder]
  1198 | D:2      | Succumbed to an adder's poison

Vault maps used:
D:1:      nagdon_arrival_double_spiral
D:2:      gammafunk_temple_overflow_statue, led_sif_pool,
          chequers_ecumenical_altar_simple, minmay_fractal_squares_gapless_5

Skill      XL: |  1  2  3 |
---------------+----------+-----
Armour         | 1 |  1.8
Axes           | 3 |  3.0
Dodging        | 3 |  3.1
Fighting       | |  3.4
Stealth        | |  1.7

Action                   || total
-------------------------++-------
Melee: Hand axe          ||   106
  Use: Potion            ||     2
       Scroll            ||     1
  Eat: Ration            ||     1
Armor: Robe              ||     8
       Leather armour    ||    10
       Ring mail         ||    19
Dodge: Dodged            ||    97

Table legend:
 A = Non-vault XP
 B = Vault XP
 C = Vault XP percentage of total XP
 D = Non-vault monster count
 E = Vault monster count
 F = Vault count percentage of total count
                 A         B        C        D         E       F
            +---------+---------+-------+---------+---------+-------
      Total |      86 |       0 |   0.0 |      24 |       0 |   0.0
            +---------+---------+-------+---------+---------+-------
        D:1 |      35 |       0 |   0.0 |      15 |       0 |   0.0
        D:2 |      51 |       0 |   0.0 |       9 |       0 |   0.0
            +---------+---------+-------+---------+---------+-------
